 Dungeon Crawl Stone Soup version 0.29.1-1-gd02db6906a (webtiles) character file.

Game seed: 2090676429700233477

6711 avis the Skirmisher (level 10, -2/78 HPs)
             Began as a Demigod Ice Elementalist on Sept 27, 2022.
             Killed from afar by a rime drake (21 damage)
             ... with a flash freeze
             ... on level 1 of the Lair of Beasts on Sept 28, 2022.
             The game lasted 01:28:48 (13889 turns).

avis the Skirmisher (Demigod Ice Elementalist)     Turns: 13889, Time: 01:28:49

Health: -2/78      AC: 14    Str: 15    XL:     10   Next: 46%
Magic:  10/16      EV: 13    Int: 17    God:
Gold:   362        SH:  8    Dex: 26    Spells: 6/13 levels left

rFire   . . .      SeeInvis .   b - +3 sling (vorpal)
rCold   . . .      Faith    .   l - +2 buckler
rNeg    . . .      Spirit   .   f - +0 steam dragon scales
rPois   .          Reflect  .   P - +0 helmet
rElec   .          Harm     .   (no cloak)
rCorr   .          Rampage  .   r - +0 pair of gloves
Will    +....                   (no boots)
Stlth   +++.......              (no amulet)
HPRegen 0.23/turn               x - +6 ring of strength
MPRegen 0.15/turn               F - ring of flight

@: ice-armoured, flying
A: high MP 1, forlorn, divine attributes
a: no special abilities


You were on level 1 of the Lair of Beasts.
You visited 3 branches of the dungeon, and saw 10 of its levels.
You also visited: Sewer.

You collected 624 gold pieces.
You spent 262 gold pieces at shops.

Inventory:

Hand Weapons
 a - a +1 short sword of protection
 b - a +3 vorpal sling (weapon)
 h - a +0 shortbow
 w - a +1 falchion
Armour
 f - +0 steam dragon scales (worn)
 l - a +2 buckler (worn)
 r - a +0 pair of gloves (worn)
 P - a +0 helmet (worn)
 R - +1 swamp dragon scales
Jewellery
 x - a +6 ring of strength (left hand)
 B - a ring of fire
 F - a ring of flight (right hand)
Wands
 j - a wand of quicksilver (7)
 G - a wand of digging (3)
Scrolls
 d - 3 scrolls of fear {unknown}
 g - a scroll of magic mapping {unknown}
 o - a scroll of vulnerability {unknown}
 p - 3 scrolls of poison {unknown}
 q - 2 scrolls of blinking {unknown}
 u - a scroll of enchant armour {unknown}
 A - a scroll of acquirement {unknown}
 E - 3 scrolls of teleportation {unknown}
 S - a scroll of summoning
Potions
 c - a potion of cancellation
 e - 3 potions of resistance
 i - a potion of lignification
 k - 2 potions of mutation {unknown}
 n - 3 potions of might
 s - a potion of brilliance {unknown}
 I - 2 potions of haste
 J - 4 potions of ambrosia
 L - 3 potions of berserk rage


   Skills:
 - Level 4.0 Fighting
 * Level 4.3 Long Blades
 + Level 10.7 Ranged Weapons
 + Level 2.9 Dodging
 - Level 2.0 Stealth
 - Level 4.0 Shields
 - Level 2.0 Spellcasting
 - Level 8.0 Ice Magic


You had 6 spell levels left.
You knew the following spells:

 Your Spells              Type           Power      Damage    Failure   Level
a - Freeze                Ice            100%       1d11      1%          1
o - Ozocubu's Armour      Ice            28%        N/A       2%          3
r - Frozen Ramparts       Ice            56%        1d9       2%          3

Your spell library contained the following spells:

 Spells                   Type           Power      Damage    Failure   Level
 Shock                    Conj/Air       4%         1d3       24%         1
 Slow                     Hex            4%         N/A       24%         1
 Hailstorm                Conj/Ice       15%        3d5       43%         4
 Portal Projectile        Hex/Tloc       2%         N/A       58%         3
 Stone Arrow              Conj/Erth      2%         3d7       58%         3
 Swiftness                Air            1%         N/A       58%         3
 Airstrike                Air            0%         2d(1-17)  94%         4
 Animate Armour           Summ/Erth      2%         N/A       94%         4
 Lehudib's Crystal Spear  Conj/Erth      0%         10d2      100%        8


Dungeon Overview and Level Annotations

Branches:
Dungeon (8/15)             Temple (1/1) D:6            Lair (1/5) D:8
  Sewer (visited)

Shops:
D:6 *

Annotations:
D:6 2 runed translucent doors, lambentLogic's ghost, novice KoEn


Innate Abilities, Weirdness & Mutations

You have an increased reservoir of magic. (+10% MP)
You shall have no god before yourself.
Your divine heritage dramatically boosts your attributes as you level up.


Message History

The rime drake barely misses you.
You closely miss the rime drake.
The rime drake is moderately wounded.
The ice encasing you melts away. The rime drake breathes ice at you.
The flash freeze hits you!
* * * LOW HITPOINT WARNING * * *
You are encased in ice.
The rime drake closely misses you.
You feel better. You block the rime drake's attack.
Your +1 short sword of protection goes still.
b - a +3 vorpal sling (weapon)
Fire: b) +3 sling (vorpal)
Press: ? - help, Q - select action, (/) - cycle Shift-Dir - straight line, f/p - rime drake
Aim: a rime drake (lightly wounded, 67% to hit)
You shoot a sling bullet.
The sling bullet barely misses the rime drake.
The ice encasing you melts away. You block the rime drake's attack.
Fire: b) +3 sling (vorpal)
Press: ? - help, Q - select action, (/) - cycle Shift-Dir - straight line, f/p - rime drake
Aim: a rime drake (lightly wounded, 67% to hit)
You shoot a sling bullet. The sling bullet hits the rime drake!
The rime drake is severely wounded.
The rime drake bites you but does no damage.
Fire: b) +3 sling (vorpal)
Press: ? - help, Q - select action, (/) - cycle Shift-Dir - straight line, f/p - rime drake
Aim: a rime drake (severely wounded, 67% to hit)
You shoot a sling bullet.
The sling bullet closely misses the rime drake.
The rime drake closely misses you.
The rime drake bites you but does no damage.
Fire: b) +3 sling (vorpal)
Press: ? - help, Q - select action, (/) - cycle Shift-Dir - straight line, f/p - rime drake
Aim: a rime drake (severely wounded, 67% to hit)
You shoot a sling bullet. The sling bullet hits the rime drake!
The rime drake is almost dead.
The rime drake breathes ice at you. The flash freeze hits you!!
You die...

#8. .. #†.# ...
....########†# .
............#
$.##..##.......#
.#..k..##......#
#.#............#
........+......#
+...8...#.k##..#
#......F+@###...#
....#.#.### #...#
# ....## ..##
#.#.## .# .. # .


You could see a rime drake (catching breath).

Vanquished Creatures
  A boulder beetle (Lair:1)
  Pikel (D:6)
  A cane toad (Lair:1)
  Maggie (D:6)
  A hornet (D:6)
  A blink frog (Lair:1)
  9 yaks
  A wyvern (D:8)
  3 steam dragons
  Menkaure (D:6)
  A water moccasin (Sewer)
  An orc warrior (D:6)
  An ice beast (D:8)
  A centaur (D:8)
  3 wolves (D:8)
  2 ogres
  A phantom (Temple)
  4 lemures (D:6)
  7 bullfrogs
  A gnoll sergeant (D:7)
  3 scorpions
  2 wights
  2 howler monkeys (D:6)
  7 hounds
  3 jellies (D:6)
  6 orc priests
  Terence (D:2)
  A gnoll bouda (D:4)
  5 iguanas
  An orc wizard (D:6)
  7 adders
  17 gnolls
  A white imp (D:8)
  2 ufetubi
  A worm (D:2)
  2 dart slugs (D:3)
  20 orcs
  5 endoplasms
  4 giant cockroaches
  10 goblins
  3 hobgoblins
  7 jackals
  9 quokkas
  8 ball pythons
  A bat (D:2)
  4 frilled lizards
  9 kobolds
  8 rats
191 creatures vanquished.

Vanquished Creatures (others)
  A shadow imp (D:7)
  2 fungi (Lair:1)
  8 plants (Lair:1)
  4 toadstools (D:5)
15 creatures vanquished.

Grand Total: 206 creatures vanquished

Notes
Turn   | Place    | Note
-------+----------+-------------------------------------------
     0 | D:1      | avis the Demigod Ice Elementalist began the quest for the
                  | Orb.
     0 | D:1      | Reached XP level 1. HP: 14/14 MP: 5/5
   382 | D:1      | Reached XP level 2. HP: 7/20 MP: 2/7
  1597 | D:2      | Reached XP level 3. HP: 22/26 MP: 5/8
  1666 | D:2      | Noticed Terence
  1679 | D:2      | Killed Terence
  1882 | D:2      | Reached skill level 1 in Fighting
  2135 | D:2      | Learned a level 3 spell: Ozocubu's Armour
  2210 | D:2      | Reached XP level 4. HP: 35/35 MP: 9/9
  2781 | D:3      | Reached skill level 5 in Ice Magic
  3848 | D:3      | Reached XP level 5. HP: 18/41 MP: 3/10
  4501 | D:4      | Reached skill level 1 in Ranged Weapons
  4600 | D:4      | Reached skill level 2 in Ranged Weapons
  4600 | D:4      | Reached XP level 6. HP: 27/48 MP: 4/11
  4858 | D:4      | Found a glowing drain.
  4872 | Sewer    | Entered a sewer
  4917 | Sewer    | Noticed a water moccasin
  4932 | Sewer    | Killed a water moccasin
  4933 | Sewer    | Reached skill level 3 in Ranged Weapons
  5701 | D:5      | Entered Level 5 of the Dungeon
  6408 | D:5      | Reached XP level 7. HP: 55/55 MP: 7/13
  6433 | D:5      | Reached skill level 4 in Ranged Weapons
  6988 | D:6      | Found Momiywk's General Store.
  7120 | D:6      | Bought a +0 helmet for 67 gold pieces
  7125 | D:6      | Identified the +0 ring mail of Lifelessness {rCorr}
  7144 | D:6      | Noticed Menkaure
  7163 | D:6      | Killed Menkaure
  7483 | D:6      | Found a staircase to the Ecumenical Temple.
  7495 | D:6      | Noticed Maggie
  7500 | Temple   | Entered the Ecumenical Temple
  7632 | Temple   | Reached skill level 5 in Ranged Weapons
  8031 | D:6      | Killed Maggie
  8032 | D:6      | Reached skill level 6 in Ranged Weapons
  8032 | D:6      | Reached XP level 8. HP: 53/63 MP: 4/14
  8640 | D:6      | Found a large runed translucent door.
  8640 | D:6      | Found a large runed translucent door.
  8643 | D:6      | Noticed lambentLogic's ghost (novice KoEn)
  8771 | D:6      | Reached skill level 7 in Ranged Weapons
  9575 | D:6      | Noticed Pikel
  9597 | D:6      | Killed Pikel
  9598 | D:6      | Reached skill level 8 in Ranged Weapons
  9598 | D:6      | Reached XP level 9. HP: 34/69 MP: 4/15
  9990 | D:6      | Bought a potion of heal wounds for 75 gold pieces
  9990 | D:6      | Bought 2 potions of might for 120 gold pieces
 10380 | D:6      | Reached skill level 9 in Ranged Weapons
 11015 | D:7      | Got the Anthology of Entrancing Graupel
 11373 | D:7      | Learned a level 3 spell: Frozen Ramparts
 11860 | D:8      | Found a staircase to the Lair.
 12266 | D:7      | Reached skill level 10 in Ranged Weapons
 12707 | Lair:1   | Entered Level 1 of the Lair of Beasts
 12728 | D:8      | Reached skill level 1 in Shields
 12773 | D:8      | Reached skill level 1 in Long Blades
 13215 | D:8      | Reached XP level 10. HP: 75/78 MP: 8/16
 13369 | Lair:1   | Noticed a boulder beetle
 13475 | Lair:1   | Killed a boulder beetle
 13889 | Lair:1   | Killed from afar by a rime drake

Illustrated notes

Levels and vault maps discovered:
D:1:      scummos_arrival_gate, layout_loops_corners, basic_ecumenical_altar
D:2:      layout_loops_ring, basic_altar, minmay_puff, uniq_terence
D:3:      layout_basic
D:4:      layout_basic, gup_sewer_entry_pipe
D:5:      layout_loops_corners, minmay_gold_behind_fungi
D:6:      layout_loops_ring, mainiacjoe_overflow_six_doors_small,
          minmay_temple_entry_glass, serial_shops, shop,
          ebering_ghost_disaster_area, hangedman_feature_mirror,
          minmay_quadrilaterals, uniq_maggie, uniq_pikel, uniq_menkaure
D:7:      layout_basic
D:8:      minmay_skewed_foursquare, layout_rooms, lair_entry_dummy, st_stairs_7
Temple:   nicolae_temple_slightly_damp_pantheon
Lair:1:   layout_chaotic_city, grunt_megastairs_1, serial_bayou_shore_a

Skill      XL: |  1  2  3  4  5  6  7  8  9 10 |
---------------+-------------------------------+-----
Spellcasting   | 2 |  2.0
Ice Magic      | 4 5 6 7 8 |  8.0
Fighting       | 1 2 3 4 |  4.0
Dodging        | 2 |  2.9
Ranged Weapons | 2 3 6 8 10 | 10.7
Stealth        | 2 |  2.0
Shields        | 2 4 |  4.0
Long Blades    | 1 4 |  4.3

Action                   |  1- 3 |  4- 6 |  7- 9 | 10-12 || total
-------------------------+-------+-------+-------+-------++-------
Melee: Short sword       |    34 |    74 |   256 |    38 ||   402
 Fire: Shortbow          |       |    37 |       |       ||    37
       Sling             |       |    34 |   121 |    75 ||   230
 Cast: Freeze            |    48 |    52 |   135 |    10 ||   245
       Ozocubu's Armour  |       |    13 |    51 |     6 ||    70
       Frozen Ramparts   |       |       |       |    10 ||    10
Evoke: Wand              |       |       |     3 |     1 ||     4
  Use: Potion            |     1 |     3 |     7 |     5 ||    16
       Scroll            |       |       |    11 |       ||    11
 Stab: Sleeping          |     6 |     2 |     2 |       ||    10
       Invisible         |       |       |     1 |       ||     1
Armor: Robe              |    12 |     7 |       |       ||    19
       Leather armour    |       |    38 |    38 |       ||    76
       Swamp dragon scal |       |       |    82 |       ||    82
       Steam dragon scal |       |       |    43 |    13 ||    56
       Skin              |       |       |     6 |       ||     6
Dodge: Dodged            |    36 |    93 |   249 |    32 ||   410
Block: Buckler           |     6 |    10 |   166 |    24 ||   206
